Map: El Dorado

Players

StonedJeezus

  • Race: Zerg Zerg
  • League: Master
  • Spawn Location: 7:00

XiaoCha - Winner!

  • Race: Protoss Protoss
  • League: Gold
  • Spawn Location: 5:00

VOD

https://youtu.be/azKbVivL0hg

Description

Time

  • Played on: Feb. 25, 2025, 6:49 p.m.
  • Length: 12:26
Show
View Real Time Build Order
Export as new Build Order

StonedJeezus Zerg 

Build Orders: Hatch First 

Get SALT Encoding   

  12  0:00  Drone  
  13  0:09  Drone  
  14  0:20  Overlord  
  14  0:32  Overlord  
  14  0:46  Extractor  
  13  0:55  Hatchery  
  12  1:13  Spawning Pool  
  11  1:20  Drone  
  11  1:24  Drone  
  13  1:29  Drone  
  14  1:36  Drone  
  15  1:47  Drone  
  16  2:00  Queen  
  18  2:07  Drone  
  19  2:22  Roach Warren  
  19  2:23  Drone  
  19  2:32  Zergling x6  
  22  2:44  Spine Crawler  
  21  2:49  Zergling x2  
  22  3:03  Queen  
  22  3:05  Drone  
  25  3:12  Roach  
  27  3:22  Overlord  
  27  3:29  Overlord  
  27  3:37  Overlord  
  27  3:47  Roach x2  
  31  3:52  Zergling x2  
  32  4:05  Roach x2  
  36  4:13  Metabolic Boost  
  36  4:20  Zergling x4  
  38  4:27  Zergling x4  
  40  4:31  Zergling x2  
  40  4:34  Drone  
  35  4:57  Zergling x2  
  35  4:58  Zergling x8  
  38  5:12  Spine Crawler  
  29  5:19  Queen  
  28  5:26  Zergling x4  
  28  5:27  Zergling x2  
  30  5:33  Zergling x4  
  32  5:37  Drone  
  32  5:41  Drone  
  34  5:44  Drone  
  35  5:52  Zergling x4  
  37  6:03  Roach  
  37  6:04  Roach  
  32  6:25  Roach x2  
  32  6:29  Zergling x10  
  32  6:32  Drone  
  38  6:45  Zergling x2  
  39  6:47  Roach  
  42  6:54  Zergling x6  
  42  6:58  Roach  
  46  7:04  Drone x3  
  45  7:16  Spine Crawler  
  45  7:17  Drone  
  45  7:18  Drone  
  46  7:32  Drone x3  
  49  7:43  Zergling x2  
  50  7:51  Drone, Spine Crawler  
  50  7:52  Drone  
  50  7:56  Overlord x2  
  51  8:05  Overlord x2  
  51  8:11  Extractor  
  50  8:13  Evolution Chamber  
  50  8:18  Overlord  
  49  8:20  Pneumatized Carapace  
  48  8:40  Roach  
  48  8:41  Roach x3  
  44  8:54  Roach x3  
  46  8:56  Roach x2  
  46  8:59  Zergling x4  
  52  9:13  Lair  
  52  9:17  Drone x3  
  42  9:41  Roach x3  
  31  10:07  Hatchery  
  24  10:11  Hydralisk Den  
  24  10:13  Zerg Missile Weapons Level 1  
  21  10:14  Drone x3  
  21  10:16  Overseer  
  24  10:37  Drone x4  
  24  10:38  Drone x2  
  30  10:47  Grooved Spines  
  30  10:56  Extractor, Drone  
  30  10:58  Extractor  
  26  11:13  Hydralisk x3  
  32  11:20  Hydralisk  
  34  11:28  Hydralisk  
Show
View Real Time Build Order
Export as new Build Order

XiaoCha Protoss - Winner!

Build Orders: 1 Gate Expand 

Get SALT Encoding   

  12  0:00  Probe  
  13  0:12  Probe  
  14  0:21  Pylon  
  14  0:24  Probe  
  15  0:37  Probe  
  15  0:41  Gateway  
  16  0:45  Probe  
  17  0:50  Assimilator  
  17  0:53  Probe  
  18  1:06  Probe  
  19  1:27  Nexus  
  19  1:37  Cybernetics Core  
  19  1:41  Probe  
  20  1:47  Pylon  
  20  1:53  Probe  
  21  1:58  Assimilator  
  21  2:03  Stalker  
  21  2:04  Pylon  
  21  2:07  Probe  
  24  2:19  Probe  
  25  2:31  Probe  
  26  2:38  Stalker  
  28  2:50  Robotics Facility  
  28  2:55  Pylon  
  28  2:57  Probe x2  
  29  3:09  Probe x2  
  31  3:14  Stalker  
  33  3:21  Probe x2  
  35  3:33  Probe x2  
  37  3:42  Shield Battery  
  37  3:44  Sentry, Immortal  
  43  4:02  Probe x2  
  45  4:06  Gateway  
  45  4:10  Gateway  
  45  4:13  Pylon  
  45  4:14  Probe x2  
  47  4:17  Sentry  
  47  4:18  Immortal  
  53  4:35  Gateway  
  53  4:42  Stalker  
  55  4:51  Stalker  
  55  5:09  Stalker  
  55  5:10  Immortal  
  55  5:35  Assimilator  
  55  5:37  Assimilator  
  55  5:39  Warp Prism  
  55  5:48  Zealot x4  
  65  5:51  Warp Gate  
  65  5:59  Stargate  
  65  6:00  Pylon  
  65  6:07  Pylon  
  65  6:11  Pylon  
  65  6:14  Immortal  
  65  6:17  Gateway  
  63  6:19  Pylon  
  65  6:34  Probe x2  
  67  6:42  Stalker x3  
  67  6:46  Probe  
  74  6:59  Probe x2  
  76  7:11  Probe x2  
  76  7:31  Gateway  
  76  7:32  Gateway  
  76  7:35  Fleet Beacon  
  76  7:36  Pylon, Probe x2  
  78  7:38  Pylon  
  78  7:46  Nexus  
  78  7:59  Void Ray  
  82  8:11  Assimilator  
  82  8:12  Twilight Council  
  82  8:14  Pylon, Assimilator  
  82  8:19  Pylon  
  82  8:22  Pylon  
  82  8:23  Probe x2  
  72  8:49  Immortal  
  72  8:50  Void Ray  
  80  9:04  Stalker  
  80  9:05  Zealot x3  
  80  9:06  Zealot x3  
  94  9:35  Void Ray  
  90  9:45  Charge  
  90  9:48  Zealot  
  90  9:49  Zealot x3  
  90  9:50  Zealot x3  
  100  10:13  Void Ray  
  104  10:34  Probe x3  
  107  10:42  Stalker  
  107  10:43  Stalker x3  
  107  10:44  Stalker x3  
  107  10:46  Probe x3  
  107  10:47  Gateway  
  124  10:51  Void Ray  
  124  10:56  Immortal  
  132  10:58  Probe x2  
  134  11:08  Stalker  
  134  11:09  Stalker x3  
  134  11:10  Stalker  
  144  11:12  Sentry  
  146  12:12  Pylon  
Tags
 
Add a new tag
Caveats
  • Supply blocks, unpowered buildings, or Contaminate may cause inaccurate times.
  • Supply counts are checked every 10 seconds.